 Dungeon Sprint DCSS version 0.28.0-43-g3370ac3207 (webtiles) character file.

Game seed: 12030388978083594255

3400000 smarlow the Archmage (level 21, -39/187 HPs)
             Began as a Djinni Warper on Mar 9, 2022.
             Was the Champion of Makhleb.
             Annihilated by a destroyer
             ... wielding a +9 vorpal great sword
              (212 damage)
             ... in the Dungeon (Sprint VIII: "Arena of Blood").
             The game lasted 00:02:27 (34 turns).

smarlow the Archmage (Djinni Warper)                  Turns: 34, Time: 00:02:28

Health: -39/187    AC:  6    Str: 10    XL:     21   Next: 32%
Gold:   0          EV: 32    Int: 18    God:    Makhleb [******] SH:  0 Dex: 21

rFire   + + .      SeeInvis .   i - +∞ Axe of Woe
rCold   x . .      Faith    .   (shield currently unavailable)
rNeg    . . .      Spirit   .   b - +0 leather armour
rPois   ∞          Reflect  .   (no helmet)
rElec   .          Harm     .   (no cloak)
rCorr   .          Rampage  .   (no gloves)
Will    ++...      NoTele   +   (boots unavailable)
Stlth   ++........              (no amulet)
HPRegen 0.41/turn               (no ring)
MPRegen 0.00/turn               (no ring)

@: flying, hasted, very quick
A: sickness immunity, fire resistance 2, cold vulnerability 1, float, innate
caster, HP casting, extra vitality 1
a: Renounce Religion, Minor Destruction, Lesser Servant of Makhleb, Major
Destruction, Greater Servant of Makhleb


You were in the Dungeon.
You worshipped Makhleb.
Makhleb was exalted by your worship.
You visited 1 branch

Inventory:

Hand Weapons
 a - a +0 hand axe
 i - the +∞ Axe of Woe (weapon)
   (You found it in the Dungeon)
Missiles
 d - 5 boomerangs of dispersal (quivered)
Armour
 b - a +0 leather armour (worn)
Scrolls
 c - 2 scrolls of blinking
Potions
 e - a potion of curing
 f - a potion of heal wounds
 h - a potion of berserk rage


   Skills:
 O Level 27 Fighting
 O Level 27 Axes
 + Level 26.2 Throwing
 O Level 27 Armour
 O Level 27 Dodging
 O Level 27 Spellcasting


You had 13 spell levels left.
You knew the following spells:

 Your Spells              Type           Power      Damage    Failure   Level
a - Blink                 Tloc           100%       N/A       0%          2
b - Lesser Beckoning      Tloc           88%        N/A       0%          3
c - Gell's Gravitas       Tloc           88%        N/A       0%          3
d - Teleport Other        Tloc           88%        N/A       0%          3
e - Manifold Assault      Tloc           88%        N/A       0%          5
f - Foxfire               Conj/Fire      100%       2x1d9     0%          1
g - Passwall              Tmut/Erth      73%        N/A       0%          2
h - Ignite Poison         Fire/Tmut/Pois 88%        N/A       0%          3
i - Passage of Golubria   Tloc           88%        N/A       0%          4
j - Dispel Undead         Necr           88%        3d28      0%          4
k - Blade Hands           Tmut           44%        N/A       0%          5
l - Conjure Ball Lightni  Conj/Air       44%        3x3d15    0%          6
m - Spellforged Servitor  Conj/Summ      44%        N/A       1%          7
n - Eringya's Noxious Bo  Tmut/Pois      44%        N/A       0%          6
o - Dragon Form           Tmut           44%        N/A       1%          7
Your spell library was empty.

Dungeon Overview and Level Annotations

Branches:
Dungeon (1/1)

Altars:
Makhleb


Innate Abilities, Weirdness & Mutations

You are immune to sickness and miasma.
You are immune to poison.
Your flesh is very heat resistant. (rF++)
You are vulnerable to cold. (rC-)
You float through the air rather than walking.
You learn spells naturally, not from books.
Your magical power is your life essence.
You have superior vitality. (+4 MHP)


Message History

Unknown command.
You hit the large bag of meat but do no damage.
You pulverise the large bag of meat into a thin bloody mist.
Makhleb accepts your kill.
You slash the bag of meat!
You pulverise the bag of meat into a thin bloody mist.
You kill the bag of meat!
Makhleb accepts your kill.
You feel better.
You slash the bag of meat!
You hew the bag of meat savagely.
You kill the bag of meat!
Makhleb accepts your kill.
You feel better.
You hit the bag of meat. You chop the bag of meat into pieces.
You kill the bag of meat!
Makhleb accepts your kill.
The large bag of meat explodes!
The fiery explosion engulfs you! You resist.
You are engulfed in blazing flames.
You resist.
A destroyer comes into view. It is wielding a +9 vorpal great sword.
The bag of meat is engulfed in blazing flames.
You hear a shout! x2
Your Throwing skill gained 5 levels and is now at level 26!
You have mastered Armour!
You have reached level 21!
Your experience leads to an increase in your attributes!
Increase (S)trength, (I)ntelligence, or (D)exterity?
You feel agile. x2
The power to cast Dragon Form wells up from within.
Spell assigned to 'o'.
A destroyer and a sculptor of flesh come into view.
The destroyer is wielding a +9 vorpal great sword.
The destroyer shouts!
You hear a shout!
The destroyer is engulfed in blazing flames.
The destroyer gestures at you while chanting.
The destroyer blinks!
You hear a shout! x3
The destroyer is engulfed in blazing flames.
You hear a shout!
The destroyer hits you with a +9 vorpal great sword!!!!!
Ouch! That really hurt!
You die...

###############
##.......^......
........§V......
.....§##@##.####
.....§§§........
###.V§V§##.##...
...o.§§o)o.....
.....o)OoO#.#..
....o.ooo.....zV
#......o........
.#....O........
.......O.......


You could see 4 destroyers, a sculptor of flesh, a large bag of meat (inner
flame), a meat berserker (berserk) and 7 bags of meat.

Vanquished Creatures
  7 ogres (D)
  3 two-headed ogres (D)
  26 orcs (D)
36 creatures vanquished.

Notes
Turn   | Place    | Note
-------+----------+-------------------------------------------
     0 | D        | Found the +∞ Axe of Woe
     0 | D        | smarlow the Djinni Warper began the quest for the Orb.
     0 | D        | Reached XP level 1. HP: 18/18 MP: 0/0
     1 | D        | Noticed a bag of meat
     3 | D        | Became a worshipper of Makhleb the Destroyer
     4 | D        | Noticed a bag of meat
     5 | D        | Noticed a bag of meat
     6 | D        | Noticed a bag of meat
     6 | D        | Noticed a bag of meat
     6 | D        | Noticed a bag of meat
     6 | D        | Noticed a bag of meat
     8 | D        | Noticed a meat berserker
     8 | D        | Noticed a bag of meat
     8 | D        | Noticed a meat berserker
     9 | D        | Killed a bag of meat
    10 | D        | Reached skill level 10 in Dodging
    10 | D        | Reached XP level 2. HP: 34/34 MP: 0/0
    10 | D        | Reached XP level 3. HP: 39/39 MP: 0/0
    10 | D        | Learned a level 1 spell: Foxfire
    10 | D        | Reached XP level 4. HP: 45/45 MP: 0/0
    10 | D        | Reached XP level 5. HP: 50/50 MP: 0/0
    10 | D        | Learned a level 2 spell: Passwall
    10 | D        | Reached XP level 6. HP: 56/56 MP: 0/0
    10 | D        | Reached XP level 7. HP: 61/61 MP: 0/0
    10 | D        | Learned a level 3 spell: Ignite Poison
    10 | D        | Reached XP level 8. HP: 67/67 MP: 0/0
    10 | D        | Reached XP level 9. HP: 72/72 MP: 0/0
    10 | D        | Learned a level 4 spell: Passage of Golubria
    10 | D        | Reached XP level 10. HP: 78/78 MP: 0/0
    10 | D        | Reached XP level 11. HP: 84/84 MP: 0/0
    10 | D        | Learned a level 4 spell: Dispel Undead
    10 | D        | Noticed a bag of meat
    10 | D        | Noticed a meat berserker
    10 | D        | Noticed a bag of meat
    11 | D        | Noticed a bag of meat
    11 | D        | Noticed a bag of meat
    12 | D        | Noticed a bag of meat
    12 | D        | Noticed a bag of meat
    12 | D        | Noticed a meat berserker
    12 | D        | Noticed a bag of meat
    12 | D        | Noticed a bag of meat
    12 | D        | Noticed a meat berserker
    13 | D        | Killed a bag of meat
    13 | D        | Reached * piety under Makhleb
    14 | D        | Reached skill level 10 in Fighting
    14 | D        | Reached XP level 12. HP: 88/92 MP: 0/0
    14 | D        | Killed a bag of meat
    14 | D        | Killed a bag of meat
    14 | D        | Noticed a meat berserker
    14 | D        | Noticed a bag of meat
    14 | D        | Noticed a bag of meat
    15 | D        | Reached XP level 13. HP: 101/101 MP: 0/0
    15 | D        | Learned a level 5 spell: Blade Hands
    15 | D        | Killed a meat berserker
    15 | D        | Reached ** piety under Makhleb
    15 | D        | Killed a meat berserker
    15 | D        | Noticed a bag of meat
    15 | D        | Noticed a bag of meat
    15 | D        | Noticed a bag of meat
    15 | D        | Noticed a bag of meat
    16 | D        | Reached skill level 15 in Dodging
    16 | D        | Reached XP level 14. HP: 112/112 MP: 0/0
    16 | D        | Reached XP level 15. HP: 118/118 MP: 0/0
    16 | D        | Learned a level 6 spell: Conjure Ball Lightning
    16 | D        | Killed a meat berserker
    17 | D        | Reached skill level 15 in Fighting
    17 | D        | Reached *** piety under Makhleb
    18 | D        | Reached skill level 5 in Throwing
    18 | D        | Reached XP level 16. HP: 129/129 MP: 0/0
    19 | D        | Killed a meat berserker
    19 | D        | Reached **** piety under Makhleb
    19 | D        | Killed a meat berserker
    19 | D        | Noticed a meat berserker
    20 | D        | Reached skill level 5 in Armour
    20 | D        | Reached skill level 27 in Spellcasting
    20 | D        | Reached XP level 17. HP: 141/141 MP: 0/0
    20 | D        | Learned a level 7 spell: Spellforged Servitor
    20 | D        | Noticed a destroyer
    21 | D        | Noticed a large bag of meat
    21 | D        | Noticed a meat berserker
    23 | D        | Noticed a large bag of meat
    23 | D        | Noticed a meat berserker
    23 | D        | Noticed a destroyer
    23 | D        | Noticed a large bag of meat
    24 | D        | Reached ***** piety under Makhleb
    25 | D        | Killed a meat berserker
    25 | D        | Noticed a large bag of meat
    26 | D        | Reached XP level 18. HP: 159/159 MP: 0/0
    26 | D        | Noticed a large bag of meat
    27 | D        | Killed a large bag of meat
    27 | D        | Reached ****** piety under Makhleb
    27 | D        | Noticed a large bag of meat
    28 | D        | Reached skill level 27 in Fighting
    28 | D        | Reached skill level 27 in Axes
    28 | D        | Reached skill level 27 in Dodging
    28 | D        | Reached XP level 19. HP: 162/174 MP: 0/0
    28 | D        | Learned a level 6 spell: Eringya's Noxious Bog
    29 | D        | Killed a meat berserker
    30 | D        | Reached XP level 20. HP: 137/181 MP: 0/0
    30 | D        | Killed a large bag of meat
    32 | D        | Killed a large bag of meat
    32 | D        | Noticed a destroyer
    33 | D        | Reached skill level 27 in Armour
    33 | D        | Reached XP level 21. HP: 173/187 MP: 0/0
    33 | D        | Learned a level 7 spell: Dragon Form
    33 | D        | Noticed a destroyer
    34 | D        | Annihilated by a destroyer

Illustrated notes

Levels and vault maps discovered:
D:        meatsprint

Skill      XL: |  1  2  3  4  5  6  7  8  9 10 11 12 13 14 15 16 17 18 19 20 |
---------------+-------------------------------------------------------------+-----
Fighting       | 9 10 12 14 16 19 23 27 | 27.0
Axes           | 8 9 11 14 17 20 26 27 | 27.0
Throwing       | 3 4 5 7 8 17 26 | 26.2
Armour         | 2 3 4 5 8 9 19 27 | 27.0
Dodging        | 10 11 13 15 16 19 21 27 | 27.0
Spellcasting   | 16 18 20 23 25 27 | 27.0

Action                   |  1- 3 |  4- 6 |  7- 9 | 10-12 | 13-15 | 16-18 | 19-21 || total
-------------------------+-------+-------+-------+-------+-------+-------+-------++-------
Melee: Executioner's axe |     1 |       |       |     2 |     3 |     5 |     3 ||    14
 Cast: Passage of Golubr |       |       |       |     1 |       |     2 |       ||     3
  Use: Potion            |     1 |       |       |       |       |       |       ||     1
Dodge: Dodged            |       |       |       |     1 |       |     1 |     1 ||     3
